 Dungeon Crawl Stone Soup version 0.21-a0-440-g28109cb (webtiles) character file.

809 tof the Slasher (level 7, -1/61 HPs)
             Began as a Minotaur Monk on Nov 10, 2017.
             Slain by a shadow imp (4 damage)
             ... summoned by Eustachio
             ... on level 4 of the Dungeon.
             The game lasted 00:08:55 (4317 turns).

tof the Slasher (Minotaur Monk)                     Turns: 4317, Time: 00:08:56

Health: -1/61      AC:  0    Str: 15    XL:     7   Next: 61%
Magic:  6/6        EV: 24    Int:  7    God:
Gold:   141        SH:  0    Dex: 20    Spells: 6/6 levels left

rFire    . . .     SeeInvis .   (weapon currently unavailable)
rCold    . . .     Gourm    .   (shield currently unavailable)
rNeg     . . .     Faith    .   (armour currently unavailable)
rPois    .         Spirit   .   (helmet currently unavailable)
rElec    .         Reflect  .   (cloak currently unavailable)
rCorr    .         Harm     .   (gloves currently unavailable)
MR       .....                  (boots currently unavailable)
Stlth    ++........             (no amulet)
HPRegen  0.20/turn              (ring currently unavailable)
MPRegen  0.10/turn              (ring currently unavailable)

@: bat-form, flying, very quick
A: (retaliatory headbutt)
a: no special abilities


You were on level 4 of the Dungeon.
You were not hungry.
You were in bat-form.
You visited 1 branch of the dungeon, and saw 4 of its levels.
You also visited: Sewer.

You collected 141 gold pieces.

Inventory:

Hand Weapons
 a - a +0 falchion (melded)
Missiles
 s - 5 javelins (quivered)
Armour
 b - a +0 robe
 e - a +2 hat (melded)
 l - a +1 buckler of fire resistance (melded)
 m - a +0 chain mail (melded)
 D - a +0 cloak (melded)
Jewellery
 y - a +2 ring of strength (melded)
Wands
 v - a wand of confusion (36/48)
 E - a wand of acid (11/15)
Scrolls
 d - 2 scrolls of amnesia {unknown}
 f - a scroll of enchant armour {unknown}
 g - 3 scrolls of remove curse {unknown}
 h - 3 scrolls of teleportation {unknown}
 j - a scroll of recharging {unknown}
 w - 2 scrolls of identify {unknown}
 x - a scroll of magic mapping {unknown}
 A - a scroll of blinking {unknown}
 B - a scroll of immolation {unknown}
Potions
 k - 3 potions of lignification {unknown}
 n - a potion of ambrosia {unknown}
 o - a potion of heal wounds {unknown}
 q - a potion of curing {unknown}
 r - 2 potions of agility {unknown}
 t - 2 potions of brilliance {unknown}
 u - a potion of berserk rage {unknown}
 C - 2 potions of resistance {unknown}
Books
 F - a book of Frost

   Spells                             Type                      Level
   a - Freeze                         Ice                          1
   b - Throw Frost                    Conjuration/Ice              2
   c - Ozocubu's Armour               Charms/Ice                   3
   d - Throw Icicle                   Conjuration/Ice              4
   e - Summon Ice Beast               Ice/Summoning                4
Comestibles
 c - 4 bread rations
 i - 5 meat rations
 p - 4 royal jellies
 z - 10 chunks of flesh


   Skills:
 + Level 5.5 Fighting
 * Level 6.9 Long Blades
 + Level 4.1 Armour
 + Level 5.1 Dodging
 - Level 1.5 Stealth
 + Level 3.5 Shields


You had 6 spell levels left.
You didn't know any spells.

Dungeon Overview and Level Annotations

Branches:
Dungeon (4/15)
 Temple: D:4-7

Altars:
Ashenzari
Kikubaaqudgha
Makhleb
Sif Muna
Vehumet
Zin

Annotations:
D:4 Eustachio, Ijyb


Innate Abilities, Weirdness & Mutations

((You reflexively headbutt those who attack you in melee.))
((You have a pair of horns on your head.))


Message History

You hit Eustachio but do no damage.
Eustachio is moderately wounded.
The crimson imp grinds its teeth.
The shadow imp barely misses you. The quokka completely misses you.
The river rat completely misses you. The orc completely misses you.
You hit Eustachio but do no damage.
Eustachio is moderately wounded.
Eustachio casts a spell.
Eustachio blinks!
The shadow imp completely misses you. The quokka misses you.
The river rat bites you.
* * * LOW HITPOINT WARNING * * *
The orc hits you with a dagger.
* * * LOW HITPOINT WARNING * * *
You hit the crimson imp.
The crimson imp is moderately wounded.
The quokka misses you.
The iron imp summons a swarm of flies.
The shadow imp sputters.
The shadow imp hits you.
You die...

#.......# #.#
#.#####.# #.#
##########.# #.#
#.# #..........#
#.# #.#
#.########.# #.#
#.# #.# #.#####.#
#.#
..########.......#
######)#
..............##.##
#.)<)..#
..#############5br#
#.###### ###
#oor5.# #.# #oor5##
#.# #.#.## ######.#
#.#.# #...##.#
#.#@. #≈#....#
..### #≈###### #
#≈# #≈#


You could see Eustachio, an iron imp, an orc priest, a crimson imp, a river rat,
a shadow imp, 3 orcs and 2 quokkas.

Vanquished Creatures
  A phantom (D:4)
  An ogre (D:4)
  2 bullfrogs (Sewer)
  A hound (D:4)
  A bullfrog skeleton (D:4)
  An orc priest (D:4)
  An iguana (D:4)
  2 worker ants (D:4)
  12 adders
  11 oozes
  An adder skeleton (D:4)
  4 worms
  2 dart slugs
  10 leopard geckos
  12 orcs
  13 ball pythons
  9 bats
  18 giant cockroaches
  8 goblins
  14 hobgoblins
  5 jackals
  2 quokkas
  14 frilled lizards
  5 kobolds
  A quokka skeleton (D:4)
  10 rats
161 creatures vanquished.

Notes
Turn   | Place    | Note
-------+----------+-------------------------------------------
     0 | D:1      | tof the Minotaur Monk began the quest for the Orb.
     0 | D:1      | Reached XP level 1. HP: 19/19 MP: 0/0
   205 | D:1      | Reached skill level 4 in Long Blades
   205 | D:1      | Reached XP level 2. HP: 19/27 MP: 1/1
   394 | D:1      | Reached skill level 1 in Armour
   555 | D:1      | Reached XP level 3. HP: 29/33 MP: 2/2
  1479 | D:2      | Reached XP level 4. HP: 40/40 MP: 3/3
  1931 | D:2      | Reached skill level 1 in Shields
  2162 | D:3      | Reached skill level 5 in Long Blades
  2179 | D:3      | Reached XP level 5. HP: 43/47 MP: 4/4
  2624 | D:3      | Found an ancient bone altar of Kikubaaqudgha.
  2625 | D:3      | Found a burning altar of Makhleb.
  2625 | D:3      | Found a glowing silver altar of Zin.
  2625 | D:3      | Found a radiant altar of Vehumet.
  2626 | D:3      | Found a deep blue altar of Sif Muna.
  2626 | D:3      | Found a shattered altar of Ashenzari.
  2990 | D:4      | Noticed an ogre
  2996 | D:4      | Killed an ogre
  2996 | D:4      | Reached XP level 6. HP: 21/53 MP: 5/5
  3053 | D:4      | Noticed Ijyb
  3136 | D:4      | Found a glowing drain.
  3151 | Sewer    | Entered a sewer
  3349 | Sewer    | Reached skill level 6 in Long Blades
  3498 | Sewer    | Reached skill level 5 in Fighting
  3557 | Sewer    | Reached XP level 7. HP: 43/61 MP: 6/6
  4245 | D:4      | Reached skill level 5 in Dodging
  4301 | D:4      | Noticed Eustachio
  4316 | D:4      | HP: 2/61 [orc/dagger (5)]
  4317 | D:4      | Slain by a shadow imp

Vault maps used:
D:1:      dpeg_arrival_subterranean_lakeside_camping, due_unseen_surprise
D:2:      first_bread, serial_bayou_lagoon_a
D:3:      kennysheep_big_flooded_room, grunt_temple_overflow_open
D:4:      black_bear_nest_1, portal_sewer_entry_d, uniq_eustachio, uniq_ijyb
Sewer:    sewer_frog_island_02

Skill      XL: |  1  2  3  4  5  6  7 |
---------------+----------------------+-----
Long Blades    | 4 5 6 |  6.9
Armour         | 1 2 3 4 |  4.1
Fighting       | 4 5 |  5.5
Shields        | 1 2 3 |  3.5
Dodging        | 4 5 |  5.1
Stealth        | |  1.5

Action                   |  1- 3 |  4- 6 |  7- 9 || total
-------------------------+-------+-------+-------++-------
Melee: Falchion          |    77 |   255 |    76 ||   408
       Headbutt          |     9 |    43 |    18 ||    70
       Unarmed           |       |       |    13 ||    13
 Stab: Sleeping          |     6 |       |       ||     6
  Eat: Chunk             |     2 |     7 |     3 ||    12
Armor: Robe              |     6 |       |       ||     6
       Chain mail        |    22 |   157 |    42 ||   221
Dodge: Dodged            |    25 |   126 |    60 ||   211
Block: Buckler           |     7 |    73 |    27 ||   107
       Rpst.: Falchion   |     7 |    34 |     7 ||    48

Table legend:
 A = Spawn XP
 B = Non-spawn XP
 C = Spawn XP percentage of total XP
 D = Spawn monster count
 E = Non-spawn monster count
 F = Spawn count percentage of total count
 G = Total turns spent on level
                    A         B        C        D         E        F      G
               +---------+---------+-------+---------+---------+-------+---------
         Total |       0 |    1157 |   0.0 |       0 |     161 |   0.0 |  4317
               +---------+---------+-------+---------+---------+-------+---------
           D:1 |       0 |      52 |   0.0 |       0 |      28 |   0.0 |   984
           D:2 |       0 |      99 |   0.0 |       0 |      26 |   0.0 |  1048
           D:3 |       0 |     116 |   0.0 |       0 |      29 |   0.0 |  1146
           D:4 |       0 |     529 |   0.0 |       0 |      21 |   0.0 |   582
         Sewer |       0 |     361 |   0.0 |       0 |      57 |   0.0 |   557
               +---------+---------+-------+---------+---------+-------+---------
